 Dungeon Crawl Stone Soup version 0.24.0-13-gcf9b3192b9 (webtiles) character file.

Game seed: 14940743830680961693, levelgen mode: deterministic

52 mopl the Chopper (level 3, -2/31 HPs)
             Began as a Hill Orc Monk on Nov 7, 2019.
             Slain by Sigmund
             ... wielding a +0 scythe
              (7 damage)
             ... on level 2 of the Dungeon.
             The game lasted 00:02:44 (2714 turns).

mopl the Chopper (Hill Orc Monk)                    Turns: 2714, Time: 00:02:45

Health: -2/31      AC:  5    Str: 14    XL:     3   Next: 85%
Magic:  3/3        EV: 10    Int: 10    God:
Gold:   37         SH:  0    Dex: 13    Spells: 2/2 levels left

rFire    . . .     SeeInvis .   j - +0 dagger (elec)
rCold    . . .     Gourm    .   (no shield)
rNeg     . . .     Faith    .   f - +0 ring mail
rPois    .         Spirit   .   (no helmet)
rElec    .         Reflect  .   (no cloak)
rCorr    .         Harm     .   (no gloves)
MR       .....                  (no boots)
Stlth    +.........             (no amulet)
HPRegen  0.10/turn              (no ring)
MPRegen  0.08/turn              (no ring)

@: no status effects
A: no striking features
a: no special abilities


You were on level 2 of the Dungeon.
You were near starving.

You visited 1 branch of the dungeon, and saw 2 of its levels.

You collected 37 gold pieces.

Inventory:

Hand Weapons
 a - a +0 hand axe
 j - a +0 dagger of electrocution (weapon)
Armour
 f - a +0 ring mail (worn)
Jewellery
 d - an uncursed ring of poison resistance {unknown}
Scrolls
 b - 5 scrolls of identify {unknown}
 h - a scroll of fear {unknown}
 i - 2 scrolls of remove curse
Potions
 e - a potion of curing {unknown}
 g - a potion of lignification {unknown}
 k - a potion of might {unknown}
Comestibles
 c - 2 rations


   Skills:
 - Level 3.6(1.8) Fighting
 + Level 6.2(3.1) Axes
 - Level 2.4(1.2) Dodging
 - Level 1.5(0.7) Stealth


You had 2 spell levels left.
You didn't know any spells.
Your spell library was empty.

Dungeon Overview and Level Annotations

Branches:
Dungeon (2/15)

Altars:
Ashenzari

Annotations:
D:2 Sigmund


Message History

The bat completely misses you. The bat hits you but does no damage.
The bat misses you.
Found 24 arrows.
The bat barely misses you. The bat barely misses you. Something hits you.
* * * LOW HITPOINT WARNING * * *
A hobgoblin comes into view. It is wielding a +0 club.
The hobgoblin shouts!
The bat hits you but does no damage. The bat barely misses you.
The bat barely misses you. The hobgoblin closely misses you.
You hit the hobgoblin but do no damage.
The hobgoblin hits you but does no damage. x2
You hit the hobgoblin.
Lightning courses through the hobgoblin!
You kill the hobgoblin!
Something hits you!
You die...

. #..#.. ..
##....### #..
#.......# #..
#.......#
#..#####.......#
#..)@##.......#
####g##...(...#
#b.....##
###..[..##
.###...#..##
........#..###
##.#.#.......#
#.#.#.####..#
###..(......###


You could see a hobgoblin and a bat.

Vanquished Creatures
  An adder (D:1)
  A worm (D:1)
  2 dart slugs (D:1)
  A ball python (D:1)
  5 bats
  4 giant cockroaches
  6 goblins
  4 hobgoblins
  4 jackals (D:1)
  A quokka (D:1)
  A frilled lizard (D:1)
  2 rats (D:1)
32 creatures vanquished.

Notes
Turn   | Place    | Note
-------+----------+-------------------------------------------
     0 | D:1      | mopl the Hill Orc Monk began the quest for the Orb.
     0 | D:1      | Reached XP level 1. HP: 19/19 MP: 1/1
    93 | D:1      | Reached XP level 2. HP: 20/26 MP: 2/2
   165 | D:1      | Reached skill level 5 in Axes
   440 | D:1      | Found a shattered altar of Ashenzari.
   447 | D:1      | Became a worshipper of Ashenzari the Shackled
   447 | D:1      | Reached * piety under Ashenzari
   447 | D:1      | Reached ** piety under Ashenzari
   448 | D:1      | Fell from the grace of Ashenzari
   966 | D:1      | Reached XP level 3. HP: 31/31 MP: 3/3
  1360 | D:2      | Noticed Sigmund
  2080 | D:1      | Reached skill level 6 in Axes
  2714 | D:2      | Slain by Sigmund

Levels and vault maps discovered:
D:1:      psy_arrival_radial02, layout_basic, evilmike_ruin_ashenzari
D:2:      layout_rooms, uniq_sigmund

Skill      XL: |  1  2  3 |
---------------+----------+-----
Axes           | 5 6 |  6.2
Fighting       | |  3.6
Dodging        | |  2.4
Stealth        | |  1.5

Action                   || total
-------------------------++-------
Melee: Hand axe          ||    71
       Dagger            ||    59
Invok: Renounce Religion ||     1
 Stab: Sleeping          ||     2
  Eat: Chunk             ||     4
Armor: Leather armour    ||    17
       Ring mail         ||    65
Dodge: Dodged            ||   107
